 Dungeon Crawl Stone Soup version 0.24-a0-446-g87df7205b4 (webtiles) character file.

Game seed: 11089347430423494243

20022 gruber the Transmogrifier (level 12, -8/110 HPs)
             Began as a Grey Draconian Transmuter on June 24, 2019.
             Was a High Priest of Makhleb.
             Mangled by Snorg (13 damage)
             ... on level 13 of the Dungeon.
             The game lasted 00:27:01 (16093 turns).

gruber the Transmogrifier (DrTm)                   Turns: 16093, Time: 00:27:02

Health: -8/110     AC: 13    Str: 26    XL:     12   Next: 41%
Magic:  21/25      EV: 12    Int: 17    God:    Makhleb [*****.]
Gold:   462        SH:  0    Dex: 13    Spells: 14/29 levels left

rFire    + . .     SeeInvis .     - Unarmed
rCold    + . .     Gourm    .   (shield currently unavailable)
rNeg     . . .     Faith    +   (armour unavailable)
rPois    +         Spirit   .   (helmet restricted)
rElec    .         Reflect  .   w - scarf {repulsion}
rCorr    .         Harm     .   (gloves currently unavailable)
MR       .....                  (no boots)
Stlth    +.........             K - amulet of faith
HPRegen  0.28/turn              A - +2 ring of dexterity
MPRegen  0.19/turn              D - ring of Rios Lie {rPois rF+ rC+ Str+8 Int-2}

@: mighty, blade hands, lightly drained, repel missiles
A: walk through water, unfitting armour, unbreathing, cold-blooded, AC +13
a: End Transformation, Minor Destruction, Lesser Servant of Makhleb, Major
Destruction, Greater Servant of Makhleb, Renounce Religion


You were on level 13 of the Dungeon.
You worshipped Makhleb.
Makhleb was extremely pleased with you.
You were hungry.
You had blades for hands.
You visited 2 branches of the dungeon, and saw 14 of its levels.

You collected 686 gold pieces.
You spent 224 gold pieces at shops.

Inventory:

Missiles
 a - 177 arrows
 b - 4 silver javelins
 L - 13 javelins (quivered)
Armour
 e - a +0 shield
 v - a +1 pair of gloves (melded)
 w - a scarf of repulsion (worn)
Jewellery
 u - an uncursed ring of flight
 A - a +2 ring of dexterity (left scythe-like blade)
 D - the ring of Rios Lie (right scythe-like blade) {rPois rF+ rC+ Str+8 Int-2}
   (You found it on level 12 of the Dungeon)

   [ring of protection from fire]

   It affects your strength (+8).
   It affects your intelligence (-2).
   It protects you from fire.
   It protects you from cold.
   It protects you from poison.
 E - an uncursed ring of resist corrosion
 G - an uncursed ring of ice
 K - an amulet of faith (around neck)
Wands
 y - a wand of acid (18)
 F - a wand of iceblast (19)
Scrolls
 d - 2 scrolls of fog
 f - a scroll of acquirement {unknown}
 h - 3 scrolls of immolation {unknown}
 i - 8 scrolls of identify
 j - 3 scrolls of remove curse
 k - 2 scrolls of enchant weapon
 l - 2 scrolls of amnesia {unknown}
 o - 2 scrolls of magic mapping {unknown}
 p - 6 scrolls of teleportation
 s - 2 scrolls of vulnerability {unknown}
 t - 2 scrolls of enchant armour
 x - a scroll of random uselessness {unknown}
 I - 2 scrolls of fear {unknown}
Potions
 g - 2 potions of flight
 m - a potion of cancellation
 n - 2 potions of curing
 r - 4 potions of mutation
 z - a potion of agility
 C - 2 potions of brilliance
 H - a potion of lignification
 J - a potion of heal wounds
Miscellaneous
 q - a lightning rod (4/4)
Comestibles
 c - 20 rations


   Skills:
 * Level 11.1(10.5) Fighting
 - Level 1.7(1.3) Dodging
 - Level 10.0(9.4) Unarmed Combat
 - Level 9.3(8.7) Spellcasting
 - Level 11.2(10.6) Transmutations
 - Level 2.0(1.5) Ice Magic
 - Level 4.1(3.6) Poison Magic


You had 14 spell levels left.
You knew the following spells:

 Your Spells              Type           Power        Failure   Level  Hunger
a - Beastly Appendage     Tmut           #####.       8%          1    None
b - Sticks to Snakes      Tmut           #####...     9%          2    None
c - Spider Form           Tmut/Pois      ####......   19%         3    #......
d - Blade Hands           Tmut           #####.....   28%         5    #####..
e - Ice Form              Ice/Tmut       ####....     41%         4    ###....

Your spell library contained the following spells:

 Spells                   Type           Power        Failure   Level  Hunger
 Shock                    Conj/Air       #...         45%         1    None
 Swiftness                Chrm/Air       #.......     54%         2    None
 Static Discharge         Conj/Air       #.......     71%         3    #......
 Airstrike                Air            #.........   95%         4    ###....
 Lightning Bolt           Conj/Air       #.........   99%         5    #####..


Dungeon Overview and Level Annotations

Branches:
Dungeon (13/15)            Temple (1/1) D:4            Lair (0/6) D:11
    Orc (0/2) D:10         Vaults (0/5) D:13

Altars:
Ashenzari
Cheibriados
Dithmenos
Elyvilon
Fedhas
Gozag
Hepliaklqana
Kikubaaqudgha
Makhleb
Nemelex Xobeh
Okawaru
Qazlal
Ru
Sif Muna
Trog
Uskayaw
Vehumet
Wu Jian
Xom
Yredelemnul
Zin
The Shining One
Lugonu

Shops:
D:7 %!

Annotations:
D:7 Gastronok
D:13 Snorg


Innate Abilities, Weirdness & Mutations

You can walk through water.
Your dull iron-grey scales are very hard. (AC +13)
You cannot fit into any form of body armour.
You can survive without breathing.
You are cold-blooded and may be slowed by cold attacks.


Message History

Snorg barely misses you. Snorg claws you.
* * * LOW HITPOINT WARNING * * *
Snorg claws you.
* * * LOW HITPOINT WARNING * * *
You slash Snorg!
Snorg is severely wounded.
Snorg bites you.
* * * LOW HITPOINT WARNING * * *
Snorg claws you but does no damage. Snorg barely misses you. Snorg misses you.
Snorg claws you.
* * * LOW HITPOINT WARNING * * *
Snorg barely misses you.
Unknown command.
You slice Snorg!! You tail-slap Snorg.
Snorg is almost dead.
Snorg completely misses you. Snorg misses you. Snorg barely misses you.
You barely miss Snorg.
Your tail-slap misses Snorg.
Snorg is almost dead.
Snorg bites you!
You die...

#...'.# #....... #..##.#
#..#####
.#######..#..#####..#
..........#.........#
..........#.........#
.<........#.....[...#
..........#.........+
..........#.........#
........@.#.........#####
.######T#.#..............
...#.#..............
.....#.# ......
#......#.# ......
#......#.# ......
########.. ...... ...
...... ... #######


You could see Snorg (berserk).

Vanquished Creatures
  An ogre mage (D:13)
  7 two-headed ogres
  Urug (D:11)
  An unseen horror (D:11)
  An ugly thing (D:12)
  A cyclops (D:9)
  Maurice (D:8)
  2 manticores
  A black mamba (shapeshifter) (D:13)
  Joseph (D:8)
  A centaur zombie (D:13)
  A gargoyle (D:12)
  A freezing wraith (D:11)
  3 trolls
  A hornet (D:13)
  5 hippogriffs
  A spriggan (D:7)
  A shadow (D:11)
  7 yaks
  2 wyverns
  A wraith (D:12)
  A hungry ghost (D:13)
  2 basilisks
  A vampire mosquito (D:11)
  A warg (D:10)
  A soldier ant (shapeshifter) (D:11)
  An acid dragon (D:9)
  2 water moccasins
  2 black bears
  7 orc warriors
  An ice beast (D:5)
  4 sky beasts
  A necrophage (D:9)
  3 phantoms
  6 ogres
  7 centaurs
  A crocodile (D:7)
  A big kobold (D:12)
  11 bullfrogs
  A wyvern zombie (D:10)
  A wyvern skeleton (D:12)
  4 scorpions
  A killer bee (D:9)
  4 wights
  10 howler monkeys
  3 crimson imps
  3 bullfrog zombies
  4 hounds
  2 orc priests
  2 jellies
  7 bullfrog skeletons
  5 iguanas
  9 orc wizards
  8 worker ants
  A hound zombie (D:9)
  A hound skeleton (D:8)
  Robin (D:4)
  3 gnolls (D:6)
  10 adders
  3 shadow imps
  3 adder zombies
  An adder skeleton (D:7)
  3 worms
  2 dart slugs
  6 leopard geckos
  51 orcs
  4 giant cockroaches
  9 goblins
  6 hobgoblins
  7 jackals (D:4)
  A quokka (D:4)
  5 bats
  2 frilled lizards
  4 kobolds
  A leopard gecko skeleton (D:7)
  A quokka zombie (D:6)
  4 rats
  A rat zombie (D:6)
288 creatures vanquished.

Vanquished Creatures (collateral kills)
  A leopard gecko (D:2)
  A goblin (D:2)
  A frilled lizard (D:2)
3 creatures vanquished.

Grand Total: 291 creatures vanquished

Notes
Turn   | Place    | Note
-------+----------+-------------------------------------------
     0 | D:1      | gruber the Draconian Transmuter began the quest for the
                  | Orb.
     0 | D:1      | Reached XP level 1. HP: 16/16 MP: 3/3
   589 | D:1      | Reached XP level 2. HP: 23/23 MP: 5/5
   597 | D:1      | Learned a level 2 spell: Sticks to Snakes
   883 | D:2      | Found a faded altar of an unknown god.
  1083 | D:2      | Reached XP level 3. HP: 9/28 MP: 1/6
  1659 | D:3      | Learned a level 3 spell: Spider Form
  1911 | D:3      | Reached XP level 4. HP: 19/35 MP: 5/7
  2038 | D:3      | Reached skill level 5 in Unarmed Combat
  2495 | D:4      | Reached XP level 5. HP: 32/46 MP: 4/8
  2733 | D:4      | Noticed a sky beast
  2744 | D:4      | Killed a sky beast
  2744 | D:4      | Reached XP level 6. HP: 42/52 MP: 5/9
  3211 | D:4      | Found a staircase to the Ecumenical Temple.
  3229 | Temple   | Entered the Ecumenical Temple
  3264 | Temple   | Became a worshipper of Makhleb the Destroyer
  3534 | D:4      | Found a basalt altar of Yredelemnul.
  3538 | D:4      | Found a stormy altar of Qazlal.
  3539 | D:4      | Found a shimmering altar of Xom.
  3540 | D:4      | Found an iron altar of Okawaru.
  3540 | D:4      | Found a shadowy altar of Dithmenos.
  3540 | D:4      | Found a shattered altar of Ashenzari.
  3541 | D:4      | Found a hazy altar of Hepliaklqana.
  3542 | D:4      | Found an opulent altar of Gozag.
  3543 | D:4      | Found a sparkling altar of Nemelex Xobeh.
  3544 | D:4      | Found a blossoming altar of Fedhas.
  3545 | D:4      | Found a bloodstained altar of Trog.
  3780 | D:4      | Reached skill level 5 in Transmutations
  3978 | D:4      | Noticed Robin
  3990 | D:4      | Killed Robin
  3990 | D:4      | Your scales start taking on a dull iron-grey colour.
  3990 | D:4      | Reached XP level 7. HP: 43/59 MP: 7/10
  3990 | D:4      | Gained mutation: You can survive without breathing. [Grey
                  | Draconian growth]
  4064 | D:5      | Entered Level 5 of the Dungeon
  5638 | D:6      | Reached XP level 8. HP: 63/66 MP: 9/11
  5683 | D:6      | Reached * piety under Makhleb
  6443 | D:6      | Found an ancient bone altar of Kikubaaqudgha.
  6670 | D:7      | Found Naefiot's Food Shoppe.
  6696 | D:7      | Found Reca Sui's Distillery.
  6699 | D:7      | Bought a potion of curing for 42 gold pieces
  6699 | D:7      | Bought a potion of agility for 56 gold pieces
  6699 | D:7      | Bought a potion of degeneration for 14 gold pieces
  6699 | D:7      | Bought a potion of might for 56 gold pieces
  6699 | D:7      | Bought a potion of brilliance for 56 gold pieces
  6966 | D:7      | Reached ** piety under Makhleb
  6966 | D:7      | Reached XP level 9. HP: 64/71 MP: 8/12
  7106 | D:7      | Reached skill level 10 in Unarmed Combat
  7385 | D:7      | Reached skill level 5 in Fighting
  7721 | D:8      | Noticed Joseph
  7829 | D:8      | Found a radiant altar of Vehumet.
  7847 | D:8      | Found a glowing golden altar of the Shining One.
  7869 | D:8      | Noticed Gastronok
  8177 | D:7      | Learned a level 5 spell: Blade Hands
  8712 | D:8      | Killed Joseph
  9063 | D:8      | Reached XP level 10. HP: 93/93 MP: 9/13
  9139 | D:8      | Noticed Maurice
  9160 | D:8      | Killed Maurice
  9160 | D:8      | Reached skill level 10 in Fighting
 10626 | D:9      | Learned a level 4 spell: Ice Form
 10684 | D:9      | Reached skill level 5 in Spellcasting
 10881 | D:9      | Reached skill level 1 in Poison Magic
 10922 | D:9      | Found a snail-covered altar of Cheibriados.
 10948 | D:9      | Reached *** piety under Makhleb
 10960 | D:9      | Noticed a two-headed ogre
 11057 | D:9      | Killed a two-headed ogre
 11543 | D:9      | Reached skill level 1 in Ice Magic
 11552 | D:9      | Found a burning altar of Makhleb.
 11593 | D:9      | Noticed a manticore
 12196 | D:9      | Killed a manticore
 12303 | D:9      | Reached XP level 11. HP: 102/102 MP: 15/18
 12415 | D:9      | HP: 4/102 [cyclops (32)]
 12702 | D:9      | Noticed a skeletal warrior
 12723 | D:9      | Noticed a two-headed ogre
 12736 | D:9      | Killed a two-headed ogre
 12944 | D:10     | Entered Level 10 of the Dungeon
 13039 | D:10     | Noticed a two-headed ogre
 13047 | D:10     | Killed a two-headed ogre
 13269 | D:10     | Found a staircase to the Orcish Mines.
 13936 | D:11     | Reached skill level 10 in Transmutations
 14109 | D:11     | Noticed Urug
 14130 | D:11     | Killed Urug
 14443 | D:11     | Noticed a two-headed ogre
 14447 | D:11     | Killed a two-headed ogre
 14572 | D:11     | Killed an unseen horror
 14572 | D:11     | Reached **** piety under Makhleb
 14596 | D:11     | Noticed a two-headed ogre
 14603 | D:11     | Killed a two-headed ogre
 14751 | D:11     | Got a smoking trident
 14752 | D:11     | Identified the cursed +1 trident of Gallantry {flame, rF+
                  | Str+4 Int+2} (You found it on level 11 of the Dungeon)
 14896 | D:11     | Found a staircase to the Lair.
 15131 | D:12     | Reached XP level 12. HP: 100/110 MP: 16/22
 15241 | D:12     | Got a brightly glowing ivory ring
 15598 | D:12     | Identified the ring of Rios Lie {rPois rF+ rC+ Str+8 Int-2}
                  | (You found it on level 12 of the Dungeon)
 15649 | D:13     | Noticed a two-headed ogre
 15649 | D:13     | Noticed a two-headed ogre
 15650 | D:13     | Found a gate to the Vaults.
 15650 | D:13     | Noticed an ogre mage
 15653 | D:13     | Killed an ogre mage
 15661 | D:13     | Killed a two-headed ogre
 15665 | D:13     | Killed a two-headed ogre
 16002 | D:13     | Reached ***** piety under Makhleb
 16082 | D:13     | Noticed Snorg
 16091 | D:13     | HP: 4/110 [Snorg (3)]
 16093 | D:13     | Mangled by Snorg

Levels and vault maps discovered:
D:1:      dpeg_arrival_another_circle, layout_loops_ring, serial_park_tiny_2,
          grunt_decor_one_mirror, st_stairs_12
D:2:      layout_loops_ring, chequers_ecumenical_altar_simple, chequers_garden
D:3:      layout_loops_ring
D:4:      layout_loops_ring, minitemple, minmay_temple_entry_wispy, uniq_robin
D:5:      layout_loops_ring, first_ration, serial_rivers,
          chequers_serial_rivers_room_a, chequers_serial_rivers_marsh,
          chequers_serial_rivers_small_3, chequers_serial_rivers_marsh,
          chequers_serial_rivers_room_b, chequers_serial_rivers_large_a
D:6:      layout_loops_ring, lemuel_zombie_altar_kikubaaqudgha, serial_rivers,
          chequers_serial_rivers_micro_e, chequers_serial_rivers_micro_c,
          chequers_serial_rivers_micro_d, chequers_serial_rivers_small_b,
          chequers_serial_rivers_room_b
D:7:      minmay_evil_eye, layout_loops_ring, serial_shops,
          nicolae_shop_behind_doors, shop, the_bakery, lightli_orcish_oven
D:8:      layout_basic, vehumet_crystals, tso_metal_star, uniq_gastronok,
          uniq_joseph, uniq_maurice
D:9:      minmay_the_grid_triangle_9x9_rhombus_full
          [minmay_the_grid_triangle_9x9_dagger,
          minmay_the_grid_triangle_9x9_cache,
          minmay_the_grid_triangle_9x9_flanged_cone,
          minmay_the_grid_triangle_9x9_shrine,
          minmay_the_grid_triangle_9x9_limited_checkers,
          minmay_the_grid_triangle_9x9_thin_v,
          minmay_the_grid_triangle_9x9_wacky_v,
          minmay_the_grid_triangle_9x9_prize_center], layout_rooms, slow_altar_1
D:10:     layout_grid_maze, david_orc_3, hangedman_decor_growths
D:11:     minmay_wavy_crystal, layout_irregular_city, lair_entry_dummy,
          minivault_20, moated_statue, uniq_urug
D:12:     layout_loops_ring
D:13:     layout_irregular_city, david_vaults_2, uniq_snorg
Temple:   corrupted_temple

Skill      XL: |  1  2  3  4  5  6  7  8  9 10 11 12 |
---------------+-------------------------------------+-----
Unarmed Combat | 4 5 6 9 10 | 10.0
Fighting       | 3 4 9 11 | 11.1
Transmutations | 3 5 6 7 11 | 11.2
Spellcasting   | 5 6 9 |  9.3
Poison Magic   | 4 |  4.1
Ice Magic      | 2 |  2.0
Dodging        | |  1.7

Action                   |  1- 3 |  4- 6 |  7- 9 | 10-12 || total
-------------------------+-------+-------+-------+-------++-------
Melee: Unarmed           |    92 |   154 |   434 |   515 ||  1195
       Tailslap          |     8 |    12 |    26 |    30 ||    76
       Headbutt          |     5 |     4 |     7 |       ||    16
       Kick              |     5 |     7 |     5 |     6 ||    23
       Punch             |     1 |     2 |     4 |     7 ||    14
Throw: Javelin           |       |       |       |     3 ||     3
 Cast: Beastly Appendage |    11 |     9 |     8 |     7 ||    35
       Sticks to Snakes  |     5 |       |       |    17 ||    22
       Spider Form       |       |     7 |    34 |    31 ||    72
       Ice Form          |       |       |       |     4 ||     4
       Blade Hands       |       |       |       |    19 ||    19
Evoke: Lightning rod     |       |       |       |     1 ||     1
  Use: Potion            |       |       |       |     2 ||     2
       Scroll            |       |       |       |    12 ||    12
 Stab: Distracted        |     1 |       |       |       ||     1
  Eat: Chunk             |     3 |     7 |    19 |    23 ||    52
       Ration            |       |       |     1 |     3 ||     4
Armor: Skin              |    23 |    35 |    79 |    98 ||   235
Dodge: Dodged            |    48 |    86 |   260 |   335 ||   729
       Deflected         |       |       |       |     7 ||     7

Table legend:
 A = Non-vault XP
 B = Vault XP
 C = Vault XP percentage of total XP
 D = Non-vault monster count
 E = Vault monster count
 F = Vault count percentage of total count
                 A         B        C        D         E       F
            +---------+---------+-------+---------+---------+-------
      Total |   17561 |   11043 |  38.6 |     232 |      59 |  20.3
            +---------+---------+-------+---------+---------+-------
        D:1 |      14 |       1 |   6.7 |       8 |       1 |  11.1
        D:2 |      55 |       0 |   0.0 |      12 |       0 |   0.0
        D:3 |      82 |       0 |   0.0 |      21 |       0 |   0.0
        D:4 |     557 |      27 |   4.6 |      26 |       7 |  21.2
        D:5 |     597 |       0 |   0.0 |      17 |       0 |   0.0
        D:6 |     719 |       1 |   0.1 |      20 |       1 |   4.8
        D:7 |     948 |     512 |  35.1 |      12 |      10 |  45.5
        D:8 |    2187 |    1224 |  35.9 |      24 |       3 |  11.1
        D:9 |    3934 |    2777 |  41.4 |      31 |      23 |  42.6
       D:10 |    1385 |     432 |  23.8 |       8 |       5 |  38.5
       D:11 |    2778 |    3206 |  53.6 |      20 |       6 |  23.1
       D:12 |    2202 |       0 |   0.0 |      17 |       0 |   0.0
       D:13 |    2103 |    2863 |  57.7 |      16 |       3 |  15.8
            +---------+---------+-------+---------+---------+-------
